 Dungeon Crawl Stone Soup version 0.31-a0-1134-gb247575874 (webtiles) character file.

Game seed: 14292759962039133619

14235 night the Destroyer (level 11, -23/89 HPs)
             Began as a Demigod Conjurer on Dec 4, 2023.
             Annihilated by a skeletal warrior
             ... wielding a +0 halberd
              (28 damage)
             ... on level 9 of the Dungeon on Dec 5, 2023.
             The game lasted 00:42:30 (11008 turns).

night the Destroyer (Demigod Conjurer)             Turns: 11008, Time: 00:42:30

Health: -23/89     AC:  8    Str:  8    XL:     11   Next: 56%
Magic:  19/28      EV: 14    Int: 32    God:
Gold:   87         SH:  0    Dex: 12    Spells: 8/27 levels left

rFire   . . .        u - +8 short sword of Mipn {spect, +Blink rElec Will+ Stlth-}
rCold   . . .        (no shield)
rNeg    . . .        M - +2 animal skin
rPois   .            k - +1 hat {Stlth+}
rElec   +            A - +0 cloak
rCorr   .            H - +0 pair of gloves
SInv    +            G - +0 pair of boots
Will    ++...        P - amulet of magic regeneration
Stlth   ++           z - ring of wizardry
HPRegen 0.34/turn    E - ring of see invisible
MPRegen 0.61/turn

%: wizardry (x1)
@: no status effects
A: high MP 1, forlorn, divine attributes
a: Evoke Blink


You were on level 9 of the Dungeon.
You visited 2 branches of the dungeon, and saw 10 of its levels.
You also visited: Ossuary.

You collected 448 gold pieces.
You spent 361 gold pieces at shops.

Inventory:

Hand Weapons
 h - a +0 heavy dagger
 u - the +8 short sword of Mipn (weapon) {spect, +Blink rElec Will+ Stlth-}
   (You found it on level 3 of the Dungeon)

   rElec:     It insulates you from electricity.
   Will+:     It increases your willpower.
   +Blink:    It lets you blink.
   Stlth-:    It makes you less stealthy.
Missiles
 f - 90 stones
 i - 23 poisoned darts
 m - 5 boomerangs
 p - 2 throwing nets
 C - 3 javelins
Armour
 k - a +1 hat of stealth (worn)
 A - a +0 cloak (worn)
 G - a +0 pair of boots (worn)
 H - a +0 pair of gloves (worn)
 M - a +2 animal skin (worn)
Jewellery
 y - a ring of fire
 z - a ring of wizardry (left hand)
 E - a ring of see invisible (right hand)
 K - a ring of wizardry
 P - an amulet of magic regeneration (around neck)
Wands
 a - a wand of paralysis (6)
 B - a wand of polymorph (10)
 J - a wand of iceblast (14)
 Q - a wand of acid (4)
Scrolls
 e - 4 scrolls of enchant weapon
 g - 3 scrolls of vulnerability
 l - a scroll of torment
 n - 2 scrolls of amnesia
 o - 5 scrolls of blinking
 q - 5 scrolls of enchant armour
 r - 4 scrolls of teleportation
 t - 2 scrolls of silence
 x - 7 scrolls of fog
 R - a scroll of fear {unknown}
Potions
 c - a potion of ambrosia
 d - 2 potions of lignification
 j - 3 potions of brilliance {unknown}
 s - 3 potions of degeneration
 v - 6 potions of mutation
 w - a potion of haste
 D - a potion of enlightenment
 F - 4 potions of curing {unknown}
 I - 2 potions of might {unknown}
 L - 2 potions of heal wounds {unknown}
 N - 2 potions of berserk rage {unknown}
 O - a potion of cancellation {unknown}
 S - a potion of resistance {unknown}


   Skills:
 + Level 5.8 Fighting
 + Level 5.9 Short Blades
 + Level 6.3 Dodging
 - Level 1.7 Stealth
 + Level 8.7 Spellcasting
 + Level 10.0 Conjurations
 - Level 2.0 Hexes
 - Level 2.0 Translocations
 + Level 5.0 Ice Magic


You had 8 spell levels left.
You knew the following spells:

 Your Spells              Type           Power      Damage    Failure   Level
a - Magic Dart            Conj           100%       1d8       1%          1
b - Searing Ray           Conj           100%       2d8       1%          2
c - Iskenderun's Mystic   Conj/Tloc      51%        2d11      1%          4
d - Fulminant Prism       Conj/Hex       25%        3d14      1%          4
e - Mephitic Cloud        Conj/Pois/Air  35%        N/A       1%          3
f - Freezing Cloud        Conj/Ice/Air   23%        6-21      4%          5

Your spell library contained the following spells:

 Spells                   Type           Power      Damage    Failure   Level
 Apportation              Tloc           52%        N/A       1%          1
 Necrotise                Necr           56%        1d6       1%          1
 Summon Small Mammal      Summ           56%        N/A       1%          1
 Jinxbite                 Hex            52%        N/A       1%          2
 Lesser Beckoning         Tloc           52%        N/A       1%          2
 Dazzling Flash           Conj/Hex       100%       N/A       1%          3
 Gell's Gravitas          Tloc           26%        N/A       1%          3
 Ozocubu's Armour         Ice            46%        N/A       1%          3
 Teleport Other           Tloc           26%        N/A       1%          3
 Flame Wave               Conj/Fire      46%        2d12      1%          4
 Poisonous Vapours        Pois/Air       28%        N/A       2%          2
 Scorch                   Fire           28%        2d6       2%          2
 Alistair's Intoxication  Tmut/Pois      9%         N/A       34%         5
 Ozocubu's Refrigeration  Ice            23%        4d12      80%         7
 Summon Cactus Giant      Summ           7%         N/A       88%         6


Dungeon Overview and Level Annotations

Branches:
Dungeon (9/15)             Temple (1/1) D:5            Lair (0/5) D:9
    Orc (0/2) D:9         Ossuary (visited)

Shops:
D:7 (?[(!   D:9 :


Innate Abilities, Weirdness & Mutations

You have an increased reservoir of magic. (+10% MP)
You shall have no god before yourself.
Your divine heritage dramatically boosts your attributes as you level up.


Message History

Confirm with . or Enter, or press ? or * to list all spells.
You don't have enough magic to cast this spell.
Casting: Fulminant Prism (mildly dangerous; 1% risk of failure)
Confirm with . or Enter, or press ? or * to list all spells.
Aiming: Fulminant Prism (mildly dangerous; 1% risk of failure)
Press: ? - help, Dir - move target You conjure a prism of explosive energy!
A fulminant prism comes into view.
Your fulminant prism crackles loudly.
Your fulminant prism explodes!
The blast of energy engulfs the skeletal warrior!
The skeletal warrior is almost destroyed.
You hear an angry buzzing noise.
Casting: Fulminant Prism (mildly dangerous; 1% risk of failure)
Confirm with . or Enter, or press ? or * to list all spells.
Okay, then.
Casting: Fulminant Prism (mildly dangerous; 1% risk of failure)
Confirm with . or Enter, or press ? or * to list all spells.
You erupt in a blast of force!
The mystic blast hits the skeletal warrior but does no damage.
The skeletal warrior is almost destroyed.
The skeletal warrior hits you from afar with a +0 halberd!
The skeletal warrior attacks as it pursues you!
The skeletal warrior hits you from afar with a +0 halberd!!
* * * LOW HITPOINT WARNING * * *
The skeletal warrior hits you from afar with a +0 halberd!!
* * * LOW HITPOINT WARNING * * *
There is an open door, spattered with blood here.
Things that are here:
a +0 shortbow; a +0 hand axe You close the door, pushing everything out of the way.
Something unseen breaks down the door.
Magic courses through your body.
Casting: Iskenderun's Mystic Blast (mildly dangerous; 1% risk of failure)
Confirm with . or Enter, or press ? or * to list all spells.
You erupt in a blast of force!
The mystic blast hits the skeletal warrior but does no damage.
The skeletal warrior is almost destroyed.
The skeletal warrior hits you with a +0 halberd!!
You die...

#.......###.....#...#.#.#.#
#......##.......#.).#.###..
#.....##............#.z ...
#....##...##......##### ...
#...##.....####.### .z.
#P.##..z......### #..
#..#).........#
#####z#########
#.....@.......##
##..[..........#
############'#####
#P..............###
#................#
##.....#.........#
##....###.......#
###....##......#
##....###....#


You could see a skeletal warrior.

Vanquished Creatures
  Gastronok (D:8)
  Harold (D:9)
  A two-headed ogre (D:9)
  A necromancer (D:9)
  2 centaur zombies (D:9)
  Psyche (D:8)
  A gargoyle (D:9)
  Jeremiah (D:8)
  2 hornets (D:9)
  Prince Ribbit (D:5)
  2 meliai zombies (D:9)
  Sigmund (D:6)
  A shadow (D:9)
  5 wraiths
  3 wyverns (D:9)
  5 vampires (D:9)
  18 yaks (D:9)
  Grum (D:8)
  3 steam dragons (D:9)
  Menkaure (D:6)
  Duvessa (D:5)
  4 orc warriors
  2 sky beasts
  An ice beast (D:7)
  2 black bears
  2 ogres
  9 centaurs
  4 wolves (D:8)
  2 phantoms
  4 bullfrogs
  3 scorpions
  A wight (D:9)
  Dowan (D:5)
  8 killer bees (D:9)
  3 howler monkeys
  A jelly (D:8)
  4 hounds
  3 orc priests
  Crazy Yiuf (D:7)
  Jessica (D:2)
  4 iguanas
  3 orc wizards
  2 mummies
  3 adders
  A shadow imp (D:6)
  A worm (D:3)
  2 dart slugs
  29 orcs
  9 ball pythons
  10 endoplasms
  4 giant cockroaches
  4 goblins
  6 hobgoblins
  6 jackals
  3 kobolds (D:1)
  4 quokkas
  3 bats
  8 frilled lizards
  2 gnoll skeletons (Ossuary)
  A hobgoblin zombie (D:6)
  6 kobold skeletons (Ossuary)
  A kobold zombie (D:6)
  17 orc skeletons (Ossuary)
  6 rats
  A fulminant prism (Ossuary)
245 creatures vanquished.

Vanquished Creatures (others)
  47 fulminant prisms
47 creatures vanquished.

Grand Total: 292 creatures vanquished

Notes
Turn   | Place    | Note
-------+----------+-------------------------------------------
     0 | D:1      | night the Demigod Conjurer began the quest for the Orb.
     0 | D:1      | Reached XP level 1. HP: 14/14 MP: 5/5
   414 | D:1      | Reached skill level 2 in Spellcasting
   518 | D:1      | Reached XP level 2. HP: 20/20 MP: 2/7
   581 | D:1      | Learned a level 2 spell: Searing Ray
   803 | D:1      | Reached skill level 4 in Conjurations
  1318 | D:2      | Reached XP level 3. HP: 26/26 MP: 4/9
  1933 | D:2      | You fall into a shaft and drop 1 floor!
  2012 | D:3      | Identified the +8 short sword of Mipn {spect, +Blink rElec
                  | Will+ Stlth-}
  2036 | D:3      | Reached XP level 4. HP: 18/33 MP: 2/11
  3116 | D:2      | Noticed Jessica
  3122 | D:2      | Killed Jessica
  3471 | D:4      | Reached skill level 1 in Hexes
  3471 | D:4      | Reached skill level 1 in Translocations
  3471 | D:4      | Reached XP level 5. HP: 30/38 MP: 12/12
  3603 | D:4      | Learned a level 4 spell: Iskenderun's Mystic Blast
  3711 | D:4      | Reached skill level 5 in Conjurations
  3975 | D:4      | Learned a level 4 spell: Fulminant Prism
  4119 | D:5      | Entered Level 5 of the Dungeon
  4132 | D:5      | Noticed a black bear
  4139 | D:5      | Killed a black bear
  4140 | D:5      | Reached skill level 2 in Hexes
  4140 | D:5      | Reached skill level 2 in Translocations
  4140 | D:5      | Reached XP level 6. HP: 42/45 MP: 9/14
  4289 | D:5      | Found a staircase to the Ecumenical Temple.
  4293 | Temple   | Entered the Ecumenical Temple
  4441 | D:5      | Noticed Duvessa
  4443 | D:5      | Noticed Dowan
  4444 | D:5      | Killed Dowan
  4447 | D:5      | Killed Duvessa
  4448 | D:5      | Reached XP level 7. HP: 49/50 MP: 7/17
  4633 | D:5      | Noticed Prince Ribbit
  4643 | D:5      | Killed Prince Ribbit
  4644 | D:5      | Reached skill level 6 in Conjurations
  4814 | D:6      | Reached skill level 5 in Spellcasting
  4820 | D:6      | Noticed Sigmund
  4936 | D:6      | Killed Sigmund
  4937 | D:6      | Reached skill level 7 in Conjurations
  4937 | D:6      | Reached XP level 8. HP: 50/57 MP: 7/20
  4948 | D:6      | Noticed Menkaure
  4956 | D:6      | Killed Menkaure
  5287 | D:6      | Found a sand-covered staircase.
  5294 | Ossuary  | Entered an ossuary
  5428 | Ossuary  | Reached skill level 8 in Conjurations
  6014 | D:7      | Reached skill level 2 in Dodging
  6125 | D:7      | Found Worchitra's Magic Scroll Shoppe.
  6133 | D:7      | Bought a scroll of blinking for 97 gold pieces
  6216 | D:7      | Noticed a green death
  6216 | D:7      | Noticed an angel
  6251 | D:7      | Found Wablit's Antique Armour Boutique.
  6318 | D:7      | Found Tiuwavam's Distillery.
  6320 | D:7      | Reached skill level 1 in Fighting
  6320 | D:7      | Reached skill level 1 in Short Blades
  6357 | D:7      | Found Loxiuz's Antique Weapon Emporium.
  6591 | D:7      | Found a runed translucent door.
  6596 | D:7      | Learned a level 3 spell: Mephitic Cloud
  6596 | D:7      | Noticed Crazy Yiuf
  6604 | D:7      | Killed Crazy Yiuf
  6605 | D:7      | Reached XP level 9. HP: 64/64 MP: 16/23
  6793 | D:7      | Found Zogad's Weapon Emporium.
  7138 | D:8      | Noticed Grum
  7145 | D:8      | HP: 10/67 [wolf[Grum] (4)]
  7146 | D:8      | HP: 3/67 [wolf[Grum] (6)]
  7147 | D:8      | Reached skill level 2 in Fighting
  7147 | D:8      | Reached skill level 2 in Short Blades
  7155 | D:8      | HP: 8/67 [wolf[Grum] (6)]
  7280 | D:8      | Killed Grum
  7396 | D:8      | Learned a level 5 spell: Freezing Cloud
  7482 | D:8      | Noticed Jeremiah
  7490 | D:8      | Killed Jeremiah
  7502 | D:8      | Reached skill level 1 in Ice Magic
  7513 | D:8      | Noticed Gastronok
  7941 | D:8      | Killed Gastronok
  7942 | D:8      | Reached skill level 2 in Ice Magic
  7942 | D:8      | Reached XP level 10. HP: 26/77 MP: 12/25
  8490 | D:8      | Noticed Psyche
  8501 | D:8      | Killed Psyche
  8502 | D:8      | Reached skill level 9 in Conjurations
  9046 | D:9      | Found a staircase to the Orcish Mines.
  9090 | D:9      | Noticed a two-headed ogre
  9100 | D:9      | Killed a two-headed ogre
  9256 | D:9      | Reached skill level 5 in Dodging
  9261 | D:9      | Paralysed by a hornet for 3 turns
  9568 | D:9      | Found Voffut's Book Boutique.
  9752 | D:9      | Bought Ozocubu's Autobiography for 264 gold pieces
 10013 | D:9      | Reached skill level 5 in Short Blades
 10013 | D:9      | Reached XP level 11. HP: 80/84 MP: 16/27
 10114 | D:9      | Reached skill level 5 in Fighting
 10159 | D:9      | Found a staircase to the Lair.
 10478 | D:9      | Noticed a necromancer
 10484 | D:9      | Killed a necromancer
 10600 | D:9      | Upgraded the game from 0.31-a0-1118-gbca3d03946 to
                  | 0.31-a0-1134-gb247575874
 10711 | D:9      | Noticed Harold
 10734 | D:9      | Killed Harold
 10735 | D:9      | Reached skill level 10 in Conjurations
 10735 | D:9      | Reached skill level 5 in Ice Magic
 10963 | D:9      | Noticed a skeletal warrior
 11004 | D:9      | HP: 4/89 [skeletal warrior/+0 halberd (23)]
 11008 | D:9      | Annihilated by a skeletal warrior

Illustrated notes

Levels and vault maps discovered:
D:1:      dpeg_arrival_castle, layout_loops_ring
D:2:      layout_loops_ring, minmay_box_of_dots, uniq_jessica
D:3:      layout_loops_ring, nicolae_ru_awakened_eye,
          mainiacjoe_overflow_alcove_2, wander_ebering_terrifying_dragon_lair
D:4:      layout_basic, nicolae_hepliaklqana_hazy_memory
D:5:      layout_basic, minmay_temple_entry_glassed_door, uniq_prince_ribbit1,
          uniq_duvessa
D:6:      layout_rooms, ashenzari_altar_1, nicolae_ossuary_entry_giza,
          uniq_menkaure, uniq_sigmund
D:7:      layout_cave_pods, grunt_temple_overflow_order_and_chaos_2,
          nemelex_dance_club_becter, pdpol_wu_jian_five_deadly_venoms,
          serial_shops, nicolae_stop_n_shop_1, shop, shop, shop,
          nicolae_shop_pleasant_corner_grove, chequers_serial_rivers_small_3,
          uniq_crazy_yiuf_cottage
D:8:      layout_loops_ring, uniq_jeremiah, uniq_gastronok, uniq_grum,
          uniq_psyche
D:9:      bobbens_index_wilting_gardens, layout_rooms, lair_entry_dummy,
          david_orc_2, serial_shops, nicolae_shop_behind_doors, uniq_harold
Temple:   nicolae_temple_two_arcs

Skill      XL: |  1  2  3  4  5  6  7  8  9 10 11 |
---------------+----------------------------------+-----
Spellcasting   | 2 3 4 5 6 7 8 |  8.7
Conjurations   | 4 5 7 8 9 10 | 10.0
Hexes          | 1 2 |  2.0
Translocations | 1 2 |  2.0
Dodging        | 2 4 5 6 |  6.3
Fighting       | 1 3 4 5 |  5.8
Short Blades   | 1 3 5 |  5.9
Ice Magic      | 2 4 5 |  5.0
Stealth        | |  1.7

Action                     |  1- 3 |  4- 6 |  7- 9 | 10-12 || total
---------------------------+-------+-------+-------+-------++-------
  Melee: Dagger            |     1 |       |       |       ||     1
         Short sword       |       |    38 |   125 |   117 ||   280
         Punch             |       |       |     3 |     1 ||     4
   Cast: Magic Dart        |    70 |    40 |    25 |     5 ||   140
         Searing Ray       |     4 |     6 |     1 |       ||    11
         Fulminant Prism   |       |     5 |    28 |    15 ||    48
         Iskenderun's Myst |       |       |     5 |    23 ||    28
         Mephitic Cloud    |       |       |     6 |    14 ||    20
         Freezing Cloud    |       |       |     3 |    27 ||    30
    Use: Scroll            |       |     7 |     6 |     1 ||    14
         Potion            |       |       |     3 |     1 ||     4
   Stab: Confused          |       |       |     2 |     7 ||     9
         Distracted        |       |       |       |     1 ||     1
 Armour: Robe              |     7 |    19 |    80 |       ||   106
         Animal skin       |       |       |     9 |   103 ||   112
  Dodge: Dodged            |     8 |    21 |    81 |    80 ||   190

Table legend: (Time is in decaauts)
 A = Elapsed time spent in this place.
 B = Non-inter-level travel time spent in this place.
 C = Inter-level travel time spent in this place.
 D = Time resting spent in this place.
 E = Time spent auto-exploring this place.
 F = Levels seen in this place.
 G = Mean time per level.
                   A        B        C        D        E       F      G
               +--------+--------+--------+--------+--------+-----+--------+
         Total |  10969 |  10627 |    342 |   2076 |   6802 |  11 |  997.2 |
       Dungeon |  10665 |  10323 |    342 |   2032 |   6699 |   9 | 1185.0 |
        Temple |      1 |      1 |      0 |      0 |      0 |   1 |    1.0 |
       Ossuary |    302 |    302 |      0 |     44 |    103 |   1 |  302.0 |
               +--------+--------+--------+--------+--------+-----+--------+

Top non-repeatable levels by time:
     D:9: 2441 daAuts
     D:8: 1500 daAuts
     D:1: 1292 daAuts
     D:7: 1244 daAuts
     D:3: 1141 daAuts
     D:2: 908 daAuts
     D:5: 787 daAuts
     D:4: 782 daAuts
     D:6: 566 daAuts
 Ossuary: 302 daAuts
  Temple: 1 daAuts
